AoeStats
← TW-TP-Xizhi-District

QS Arena

503077066Analyzed
1v1 RM · 1mo ago on Aug 30, 2026· 33m 34s· 2 players
Game mode
Random Map
Map size
Tiny (2 player)
Population
200
Speed
Normal
Resources
Standard
Victory
Conquest
Starting age
Dark Age
Ending age
Imperial Age
RankedLock teamsTeams togetherTeam positionsShared explorationLock speedFull tech treeHidden civsTurbo modeCheats
Victory
Defeat
🇮🇹 Huns · Italy
122
+17
🇹🇼 Byzantines · Taiwan
149
-17
alexanderus
12:56 Feudal Age
22:02 Castle Age
24:27 Bloodlines
26:19 Crossbowman
27:05 Thumb Ring
27:39 Husbandry
32:09 Imperial Age
33:21 Elite Skirmisher
TW-TP-Xizhi-District
7:58 Feudal Age
7:49 Loom
8:36 Double-Bit Axe
9:32 Wheelbarrow
13:39 Horse Collar
14:30 Gold Mining
18:25 Stone Mining
23:03 Castle Age
21:11 Man-at-Arms
21:58 Scale Mail Armor
23:22 Scale Barding Armor
24:00 Husbandry
24:59 Squires
24:21 Pikeman
25:52 Heavy Plow
25:37 Light Cavalry
26:19 Gambesons
26:20 Arson
27:45 Forging
27:41 Padded Archer Armor
28:41 Hand Cart
29:31 Fervor
30:12 Gold Shaft Mining
30:20 Fletching
Connection lost

Rejoining the realm…

Still unreachable

The connection could not be restored.

Session expired

The server has moved on; the page needs a fresh start.